 Dungeon Crawl Stone Soup version 0.19-a0-1861-g35def1e (webtiles) character file.

816 Goblin1989 the Insei (level 7, -2/57 HPs)
             Began as a Purple Draconian Transmuter on Oct 11, 2016.
             Was an Initiate of Gozag.
             Slain by Pikel
             ... wielding a +2 whip of freezing
              (6 damage)
             ... on level 5 of the Dungeon on Oct 12, 2016.
             The game lasted 00:26:08 (4866 turns).

Goblin1989 the Insei (Purple Draconian Transmuter)  Turns: 4866, Time: 00:26:10

Health: -2/57      AC:  7    Str: 12    XL:     7   Next: 62%
Magic:  9/10       EV: 13    Int: 14    God:    Gozag
Gold:   276        SH:  0    Dex: 13    Spells: 3 memorised, 3 levels left

rFire  . . .     SeeInvis .       - Unarmed
rCold  . . .     Gourm    .     (armour unavailable)
rNeg   . . .     Faith    .     (no shield)
rPois  .         Spirit   .     (helmet restricted)
rElec  .         Dismiss  .     j - +0 cloak
rCorr  .         Reflect  .     (no gloves)
MR     +....     Harm     +     (boots currently unavailable)
Stlth  ++........               s - amulet of harm
                                (no ring)
                                x - ring of stealth

@: appendage (expiring)
A: breathe power, unfitting armour, talons 3, cold-blooded, AC +6
a: Breathe Dispelling Energy, End Transformation, Potion Petition, Call
Merchant, Bribe Branch, Renounce Religion


You were on level 5 of the Dungeon.
You worshipped Gozag.
Gozag was aware of your devotion.
You were not hungry.
You had grown temporary talons.
You visited 1 branch of the dungeon, and saw 5 of its levels.

You collected 349 gold pieces.
You paid 73 gold pieces to Gozag.

Inventory:

Missiles
 a - 53 arrows
 Z - 2 throwing nets (quivered)
Armour
 j - a +0 cloak (worn)
 t - a +1 pair of boots
 u - a +0 pair of gloves
Jewellery
 s - an amulet of harm (around neck)
 x - a ring of stealth (left hand)
Wands
 q - a wand of digging (14/24)
Scrolls
 b - a scroll of fear {unknown}
 d - 6 scrolls of identify {unknown}
 g - a scroll of noise {unknown}
 h - 4 scrolls of remove curse {unknown}
 k - 2 scrolls of random uselessness {unknown}
 l - 4 scrolls of amnesia {unknown}
 m - a scroll of immolation {unknown}
 n - 2 scrolls of teleportation {unknown}
 v - a scroll of fog {unknown}
Potions
 e - 2 potions of agility {unknown}
 f - 2 potions of degeneration {unknown}
 i - a potion of curing {unknown}
 o - a potion of cancellation {unknown}
 p - a potion of flight {unknown}
Comestibles
 c - 4 bread rations {@e1}


   Skills:
 + Level 3.0 Fighting
 + Level 3.0 Dodging
 + Level 5.9 Unarmed Combat
 - Level 2.4 Spellcasting
 * Level 4.4 Transmutations
 * Level 3.7 Ice Magic


You had 3 spell levels left.
You knew the following spells:

 Your Spells              Type           Power        Failure   Level  Hunger
a - Beastly Appendage     Tmut           ##....       3%          1    #......
b - Sticks to Snakes      Tmut           ##......     6%          2    ###....
c - Ice Form              Ice/Tmut       ##......     45%         4    #####..


Dungeon Overview and Level Annotations

Branches:
Dungeon (5/15)
 Temple: D:4-7

Altars:
Gozag
Hepliaklqana
Makhleb
Trog
Uskayaw

Annotations:
D:5 Pikel


Innate Abilities, Weirdness & Mutations

You can breathe bolts of dispelling energy.
Your rich purple scales are hard. (AC +6)
You cannot fit into any form of body armour.
You are cold-blooded and may be slowed by cold attacks.
You have claws for feet.


Message History

You barely miss Pikel.
Pikel is lightly wounded.
Your transformation is almost over.
Pikel misses you.
You hit Pikel but do no damage.
Pikel is lightly wounded.
You closely miss Pikel.
Pikel is lightly wounded.
Pikel hits you with a whip of freezing.
* * * LOW HITPOINT WARNING * * *
Pikel freezes you.
* * * LOW HITPOINT WARNING * * *
You take 5 damage, and have 15/57 hp.
You miss Pikel.
Pikel is lightly wounded.
Pikel hits you with a whip of freezing!
* * * LOW HITPOINT WARNING * * *
Pikel freezes you.
You die...
Your body crumbles into a pile of gold.

ਜ.ਜਜ.ਜ
ਜ.ਜਜ.ਜ
ਜ.ਜਜ.ਜ
ਜ.ਜਜ.ਜ
ਜ.ਜਜ.ਜ
ਜ<ਜਜ.ਜ
ਜ.ਜਜ.ਜ
ਜਜਜਜ.ਜ
ਜ@ਜ


ਜ.pppK.ਜ ਜਜਜਜਜਜਜਜ You could see Pikel and 3 slaves.

Vanquished Creatures
  Menkaure (D:5)
  A slave (D:5)
  A sky beast (D:4)
  A centaur (D:3)
  An ogre (D:4)
  The ghost of Amnesiac the Sneak, an amateur DEAs (D:4)
  A howler monkey (D:3)
  A bullfrog skeleton (D:4)
  A centaur skeleton (D:4)
  A worker ant (D:4)
  An iguana (D:4)
  Robin (D:3)
  3 adders
  7 gnolls
  2 oozes
  5 worms (D:2)
  4 leopard geckos
  8 orcs
  4 giant cockroaches (D:3)
  A hobgoblin (D:3)
  6 jackals (D:3)
  9 kobolds
  2 quokkas
  3 ball pythons
  10 bats
  A frilled lizard (D:1)
  24 goblins
  5 rats
106 creatures vanquished.

Vanquished Creatures (others)
  A plant (D:4)
1 creature vanquished.

Grand Total: 107 creatures vanquished

Notes
Turn   | Place    | Note
-------+----------+-------------------------------------------
     0 | D:1      | Goblin1989 the Draconian Transmuter began the quest for the Orb.
     0 | D:1      | Reached XP level 1. HP: 16/16 MP: 3/3
   274 | D:1      | Reached XP level 2. HP: 22/23 MP: 5/5
   278 | D:1      | Learned a level 2 spell: Sticks to Snakes
   855 | D:2      | Reached skill level 4 in Unarmed Combat
  1091 | D:2      | Reached XP level 3. HP: 23/28 MP: 6/6
  1543 | D:2      | Reached XP level 4. HP: 11/35 MP: 4/7
  1772 | D:2      | Reached skill level 5 in Unarmed Combat
  1908 | D:2      | Noticed a hand axe
  1909 | D:2      | Noticed a dagger
  1915 | D:2      | Found a hide-covered altar of Uskayaw.
  2059 | D:3      | Learned a level 4 spell: Ice Form
  2082 | D:3      | Noticed Robin
  2214 | D:3      | Killed Robin
  2453 | D:3      | Reached XP level 5. HP: 34/40 MP: 8/8
  2484 | D:3      | Noticed a centaur
  2496 | D:3      | Killed a centaur
  2496 | D:3      | Reached skill level 1 in Ice Magic
  2764 | D:3      | Reached XP level 6. HP: 23/48 MP: 9/9
  3078 | D:3      | Found a bloodstained altar of Trog.
  3699 | D:3      | Found a burning altar of Makhleb.
  3699 | D:3      | Noticed a cacodemon
  3702 | D:3      | Noticed a ynoxinul
  3702 | D:3      | Noticed a smoke demon
  3854 | D:3      | Upgraded the game from 0.19-a0-1855-gb7442ac to 0.19-a0-1861-g35def1e
  3934 | D:4      | Noticed Amnesiac's ghost (amateur DEAs)
  3971 | D:4      | Noticed a sky beast
  3995 | D:4      | Killed a sky beast
  4006 | D:4      | Found an opulent altar of Gozag.
  4013 | D:4      | Became a worshipper of Gozag Ym Sagoz the Greedy
  4047 | D:4      | Your scales start taking on a rich purple colour.
  4047 | D:4      | Reached XP level 7. HP: 17/56 MP: 10/10
  4053 | D:4      | Killed Amnesiac's ghost
  4333 | D:4      | Found a hazy altar of Hepliaklqana.
  4804 | D:5      | Entered Level 5 of the Dungeon
  4804 | D:5      | Noticed Menkaure
  4807 | D:5      | Killed Menkaure
  4828 | D:5      | Noticed Pikel
  4866 | D:5      | Slain by Pikel

Vault maps used:
D:1:      ncdulo_watergridlock, minmay_misc_feat_more_columns,
          minmay_pentomino_x2
D:2:      dancing_weapons_uskayaw
D:3:      kennysheep_goblin_castle, makhleb_altar_promises_db,
          lemuel_coloured_pillars_altar
D:4:      nicolae_gozag_seed_capital, lemuel_doored_altar, serial_bayou,
          serial_bayou_pond_a, serial_bayou_crossing, serial_bayou_lake_a,
          serial_bayou_shore_a, serial_bayou_ford_a, serial_bayou_pond_d
D:5:      first_bread, uniq_pikel, uniq_menkaure, uniq_duvessa

Skill      XL: |  1  2  3  4  5  6  7 |
---------------+----------------------+-----
Unarmed Combat | 4 5 |  5.9
Dodging        | 2 3 |  3.0
Transmutations | 3 4 |  4.4
Ice Magic      | 2 3 |  3.7
Fighting       | 2 3 |  3.0
Spellcasting   | |  2.4

Action                   |  1- 3 |  4- 6 |  7- 9 || total
-------------------------+-------+-------+-------++-------
Melee: Unarmed           |   143 |   249 |   114 ||   506
       Tailslap          |    18 |    27 |     7 ||    52
       Kick              |     6 |     9 |     4 ||    19
       Headbutt          |     3 |    10 |     2 ||    15
       Punch             |     1 |     5 |     4 ||    10
 Cast: Beastly Appendage |    10 |    20 |     3 ||    33
Invok: Potion Petition   |       |       |     1 ||     1
  Use: Potion            |       |     1 |       ||     1
 Stab: Sleeping          |     3 |     2 |       ||     5
       Distracted        |       |     1 |     1 ||     2
  Eat: Chunk             |     2 |     6 |       ||     8
       Bread ration      |       |     1 |       ||     1
       Fruit             |       |       |     2 ||     2
Armor: Skin              |    42 |    81 |    32 ||   155
Dodge: Dodged            |    97 |   176 |    58 ||   331

Vault maps used:
D:1:      ncdulo_watergridlock, minmay_misc_feat_more_columns,
          minmay_pentomino_x2
D:2:      dancing_weapons_uskayaw
D:3:      kennysheep_goblin_castle, makhleb_altar_promises_db,
          lemuel_coloured_pillars_altar
D:4:      nicolae_gozag_seed_capital, lemuel_doored_altar, serial_bayou,
          serial_bayou_pond_a, serial_bayou_crossing, serial_bayou_lake_a,
          serial_bayou_shore_a, serial_bayou_ford_a, serial_bayou_pond_d
D:5:      first_bread, uniq_pikel, uniq_menkaure, uniq_duvessa
